[Event "1st Bangalore GM-Open-A 2024"]
[Site "Bangalore"]
[Date "2024.01.21"]
[Round "5.6"]
[White "Ritviz, Parab"]
[Black "Mitrabha, Guha"]
[Result "0-1"]
[ECO "C60"]
[WhiteElo "2391"]
[BlackElo "2504"]
[Annotator "TA"]
[PlyCount "180"]
[EventDate "2024.01.20"]
[EventType "swiss"]
[EventCountry "IND"]
[SourceTitle "playchess.com"]
[Source "ChessBase"]
[SourceQuality "1"]
[TimeControl "5400+30"]

1. e4 e5 2. Nf3 Nc6 3. Bb5 Nge7 4. O-O Ng6 5. d4 exd4 6. Nxd4 Bc5 7. Nf5 {[%emt 0:05:19] C60: Ruy Lopez: Unusual Black 3rd moves and 3...g6.} O-O 8. Nc3 (8. Be3 {simplifies} Bxe3 9. Nxe3 d6 10. f4) 8... a6 9. Bc4 {[%emt 0:05:43] [#] With the idea Qh5. White has an edge.} Nge5 $146 ({Predecessor:} 9... d6 10. Qh5 Kh8 11. Bb3 Nd4 12. Bg5 f6 13. Be3 Nxb3 14. axb3 Bxe3 15. Nxe3 Ne7 {½-½ Battulga,N (2411)-Stevic,H (2606) Olympiad-41 Tromsoe 2014 (4.2)}) 10. Bd5 d6 11. Kh1 Re8 12. Qh5 Qf6 13. f4 Qg6 14. Qh4 (14. Qxg6 $11 {deserves consideration.} Nxg6 15. Bd2) 14... Bxf5 $15 15. exf5 Qg4 $1 ({Of course not} 15... Qxf5 16. Be4 Ng6 17. Qxh7+ Kxh7 18. Bxf5 $11) 16. Qg5 h6 {[%emt 0:02:46] Dancing on a razor blade.} 17. h3 hxg5 $17 18. hxg4 gxf4 19. Rxf4 Nd7 ({Better is} 19... Rab8 $17 {...Nd4 is the strong threat.} 20. Rb1 Nd4) 20. Bd2 $11 Nf6 21. Bf3 Ne5 {[%emt 0:08:55] next ...g5 is good for Black.} 22. Be2 g5 23. fxg6 Kg7 24. g3 Nxg6 {[%emt 0:00:29] A dynamic duo of knights.} 25. Rf5 Bd4 26. Raf1 Re7 27. Bf3 (27. g5 {with more complications.} Nd7 28. Bd3 Nc5 29. Nd5) 27... c6 28. Ne2 Rh8+ 29. Kg2 Be5 (29... Bxb2 $5 30. c3 Rc7 $11) 30. c3 (30. b3 {keeps more tension.} Re6 31. g5 Ne8 32. Bg4) 30... Ne8 31. Rh5 (31. Bg5 {is more complex.} f6 32. Bd2 d5 33. Rh5) 31... Kg8 32. Rfh1 Ng7 33. Rxh8+ Nxh8 34. Nf4 d5 {[%emt 0:01:43] Against Be4} 35. Nh5 Ng6 36. Bg5 Re6 37. Nf4 Re8 38. Nh5 Re6 39. Nf4 Rd6 40. Nd3 Bf6 41. Bf4 Rd8 42. Re1 (42. g5 $5 Be7 43. Bg4 $14) 42... Ne6 43. Bd2 Bg5 44. Rxe6 {[%emt 0:00:26][%mdl 64] [#] Remove Defender} Bxd2 45. Re2 Bg5 46. Nc5 Rb8 47. Nd7 Ra8 48. Nc5 Be7 49. Nd3 (49. Nxb7 $5 a5 50. c4 $11) 49... Bd6 50. g5 $1 Kg7 51. Bg4 (51. Bh5 $11) 51... Nf8 (51... Be7 $1 $15) 52. Nf4 Nh7 53. Nh5+ (53. g6 $11 fxg6 54. Re6 Bxf4 55. Re7+ Kh6 56. gxf4) 53... Kf8 (53... Kg6 $15 54. Rf2 Re8) 54. Rf2 (54. g6 $11 fxg6 55. Rf2+ (55. Nf4 Bxf4 56. gxf4 Nf6 $17) 55... Ke7 56. Re2+ Kd8 57. Nf4 Bxf4 58. gxf4) 54... Nxg5 $17 55. Nf6 Ke7 56. Bh5 Rh8 57. Rf5 {[%emt 0:00:26] Inhibits Be5.} Ne6 58. Ng4 Rh7 59. Ne3 Rg7 (59... Bf4 $17 60. gxf4 Rxh5) 60. Rf3 $11 Rh7 (60... Kd7 $5 61. Rxf7+ Rxf7 62. Bxf7 Be5 $15) 61. Nf5+ (61. Rf5 $1 $11 {was the only way to keep the balance.}) 61... Kd7 $17 {[%emt 0:00:11] White is on the road to losing.} 62. Bg4 Kc7 63. Nd4 Ng5 64. Re3 Rh8 65. Nb3 b5 66. Bf5 Rg8 67. Nd2 f6 68. Nf3 Nf7 69. Nd4 Ne5 70. b3 {[%emt 0:00:05] Dodges Nc4} a5 71. Be6 Re8 {[%emt 0:00:39] Threatens to win with ...Bc5.} 72. Re2 Bc5 {[%emt 0:00:49] aiming for ...Bxd4.} 73. Bf5 Kb6 74. Nf3 Bd6 75. c4 dxc4 76. bxc4 bxc4 77. Nd2 Rd8 78. Be6 (78. Ne4 $142) 78... c3 $19 79. Nb1 (79. Nc4+ $142 Nxc4 80. Bxc4) 79... Bb4 80. a3 (80. Bb3 $142) 80... Rd1 {[%emt 0:00:15] Black is clearly winning.} 81. Bf5 {[%emt 0:00:11] [#]} c5 $1 82. axb4 (82. Bc2 Rc1) 82... cxb4 83. g4 Nc4 84. Kg3 Kc5 85. Bc2 Rg1+ 86. Kf4 Rf1+ 87. Ke4 Nd6+ 88. Ke3 Nb5 {[%emt 0:00:09] White must now prevent ...Nd4.} 89. Rh2 Nd4 {[%emt 0:03:28] ...Nxc2+ would be deadly.} 90. Nxc3 Rf3+ {[%emt 0:00:28] Weighted Error Value: White=0.16 (very precise) /Black=0.12 (very precise)} 0-1

[Event "1st Bangalore GM-Open-A 2024"]
[Site "Bangalore"]
[Date "2024.01.21"]
[Round "5.7"]
[White "Fedorov, Alexei"]
[Black "Dere Pushkar"]
[Result "1/2-1/2"]
[ECO "B12"]
[WhiteElo "2457"]
[BlackElo "2191"]
[Annotator "RC"]
[PlyCount "108"]
[EventDate "2024.01.20"]
[EventType "swiss"]
[EventCountry "IND"]
[SourceTitle "playchess.com"]
[Source "ChessBase"]
[SourceQuality "1"]
[TimeControl "5400+30"]

1. e4 c6 2. d4 d5 3. e5 c5 4. dxc5 e6 5. a3 Bxc5 6. Nf3 Nd7 7. b4 Be7 8. Nbd2 a5 9. Rb1 axb4 10. axb4 f6 11. Bb5 Nh6 12. exf6 Bxf6 13. O-O O-O 14. c4 Nf7 15. Qe2 Nb6 16. Bb2 Ra2 17. Bxf6 Qxf6 18. Qe3 Nxc4 19. Nxc4 dxc4 20. Bxc4 Rc2 21. Bd3 Rc3 22. Rfc1 Rxc1+ 23. Rxc1 e5 24. Be4 Rd8 25. h3 Qf4 26. Bd5 Rxd5 27. Rxc8+ Rd8 28. Qc5 Qf6 29. Qc7 e4 30. Ne5 Rxc8 31. Qxc8+ Nd8 32. Ng4 Qd6 33. g3 h6 34. b5 Kh7 35. Qf5+ Qg6 36. Qd7 Ne6 37. Qxb7 Ng5 38. Qd7 Nxh3+ 39. Kg2 Ng5 40. Ne3 Nf3 41. Qg4 Ne5 42. Qf5 Qxf5 43. Nxf5 Nc4 44. Kh3 Kg6 45. Kg4 Ne5+ 46. Kf4 Nd3+ 47. Kxe4 Nxf2+ 48. Kd4 Kxf5 49. b6 Ng4 50. b7 Ne5 51. Kd5 Nd7 52. Kd6 Nb8 53. Kc7 Na6+ 54. Kb6 Nb8 1/2-1/2

[Event "1st Bangalore GM-Open-A 2024"]
[Site "Bangalore"]
[Date "2024.01.21"]
[Round "5.8"]
[White "Short, Nigel D"]
[Black "Subhayan Kundu"]
[Result "1-0"]
[ECO "C78"]
[WhiteElo "2592"]
[BlackElo "2385"]
[Annotator "TA"]
[PlyCount "105"]
[EventDate "2024.01.20"]
[EventType "swiss"]
[EventCountry "IND"]
[SourceTitle "playchess.com"]
[Source "ChessBase"]
[SourceQuality "1"]
[TimeControl "5400+30"]

1. e4 e5 2. Nf3 Nc6 3. Bb5 a6 4. Ba4 Nf6 5. O-O b5 6. Bb3 Bc5 7. c3 d6 8. d4 Bb6 9. Be3 O-O 10. Nbd2 h6 11. h3 Re8 12. Re1 {[%emt 0:01:23] C78: Ruy Lopez: Archangelsk and Möller Defences.} Rb8 13. a3 exd4 14. cxd4 {[%emt 0:02:45][%cal Oe4e5] White has an edge.} d5 (14... Nxe4 15. Nxe4 Rxe4 16. Qc2 Rxe3 17. fxe3 $16) 15. e5 Ne4 16. Bc2 Bf5 {[%emt 0:04:35] [#]} 17. Rc1 $146 ({Predecessor:} 17. Nb3 f6 18. Nh4 Be6 19. f3 fxe5 20. Ng6 exd4 21. Nxd4 Nxd4 22. Bxd4 Bxd4+ 23. Qxd4 {1-0 Stearman,J (2386)-Krishnakumar,S (2312) Hollywood Classic 3rd 2022 (9)}) 17... Na5 $1 18. Bxh6 gxh6 19. Nxe4 dxe4 20. Bxe4 Bg6 21. Qc2 Kg7 (21... Bxd4 $2 22. Bxg6 (22. Qxc7 $2 Bxb2 23. Bxg6 fxg6 $19) 22... Re7 23. Bh7+ Kh8 24. b4 $18) 22. d5 Nc4 (22... Bh5 $11) 23. Bxg6 $1 $16 fxg6 {[%emt 0:00:00] [#]} 24. b3 $1 Ne3 25. fxe3 $18 Qxd5 26. Red1 Qf7 27. Qe4 Re7 28. Nh4 {[%emt 0:05:18] Dodges Qf5. aiming for Rc6.} Re6 (28... Rf8 $2 29. Rf1 Qe8 30. Rxf8 Kxf8 31. Nxg6+ $18 (31. Qxg6 $2 Bxe3+ 32. Kh2 Bf4+ 33. Kg1 Bxc1 $19) (31. Qxg6 $2 Bxe3+ 32. Kh2 Bf4+ 33. Kg1 Be3+ 34. Kh2 Bf4+ 35. Kg1 Bxc1 $19)) 29. Kh1 Rf8 30. Rc6 {[%emt 0:01:12] White is more active.} Rfe8 31. Rxe6 Rxe6 32. Nf3 Re7 33. Rd3 Qe6 34. g4 Bc5 (34... c5 $16) 35. b4 Bb6 36. Rc3 {[%emt 0:01:44] Dodges Qc4. Threatens to win with Rc6.} Qf7 37. Kg2 Qa2+ {[%emt 0:00:24] [#]} (37... Qe8 {was necessary.} 38. Kf1 Re6) 38. Kg3 $1 (38. Rc2 Qxa3 39. Kf2 (39. Qf4 Rf7 $11) 39... a5 $16) 38... Qf7 39. Rc6 Re6 40. Rc2 (40. g5 $18 {gxh6+ would kill now.} Qe7 41. gxh6+ Kxh6 42. Rxe6 Qxe6 43. Ng5) 40... Re7 (40... Qe8 $16 41. h4 a5) 41. Kg2 (41. h4 $18 {and White stays clearly on top.}) 41... Qb3 $2 (41... Qe8 $16 42. h4 Re6) 42. Nd4 ({Not} 42. Qc6 Rf7 $14) 42... Qxa3 (42... Bxd4 43. exd4 Qxa3) 43. Rf2 (43. Rc6 Qa2+ 44. Kg3 Qf7 $18) (43. e6 $142 Kh7 44. Nf5 gxf5 45. Qxf5+ Kg8 46. Rf2 (46. Qg6+ Rg7 $11)) 43... Bxd4 44. exd4 {[%emt 0:00:24] Hoping for e6.} ({Less strong is} 44. Qxd4 Kh7 $16) 44... Rf7 $2 (44... a5 $18) 45. Rxf7+ Kxf7 46. Qf3+ Qxf3+ 47. Kxf3 {[%emt 0:00:04][%mdl 4096] Endgame KP-KP} Ke6 48. Ke4 c6 49. h4 {[%emt 0:00:06][%cal Bh3h4,Bh4h5][%mdl 32] White mates.} g5 50. h5 Kd7 51. d5 cxd5+ 52. Kxd5 Ke7 53. e6 {[%emt 0:00:10] Weighted Error Value: White=0.33/Black=0.59} 1-0

[Event "1st Bangalore GM-Open-A 2024"]
[Site "Bangalore"]
[Date "2024.01.21"]
[Round "5.9"]
[White "Chanda, Sandipan"]
[Black "Ayush Sharma"]
[Result "1/2-1/2"]
[ECO "E46"]
[WhiteElo "2486"]
[BlackElo "2378"]
[Annotator "RC"]
[PlyCount "171"]
[EventDate "2024.01.20"]
[EventType "swiss"]
[EventCountry "IND"]
[SourceTitle "playchess.com"]
[Source "ChessBase"]
[SourceQuality "1"]
[TimeControl "5400+30"]

1. d4 Nf6 2. c4 e6 3. Nc3 Bb4 4. e3 O-O 5. Bd2 c5 6. a3 Bxc3 7. Bxc3 Ne4 8. Ne2 b6 9. Qd3 d5 10. cxd5 exd5 11. dxc5 bxc5 12. Rd1 Bb7 13. Ng3 Nxc3 14. Qxc3 Nd7 15. Be2 Qf6 16. Qc2 Rfd8 17. O-O Rac8 18. Rd2 Ne5 19. Qf5 Qe7 20. Rfd1 g6 21. Qf4 f5 22. h4 h5 23. Bf3 Nxf3+ 24. gxf3 Kh7 25. Kh2 Ba8 26. Ne2 Qd6 27. Qxd6 Rxd6 28. Kg3 Rcd8 29. Rc1 Rc8 30. Rdc2 Rdc6 31. Nf4 d4 32. Nd3 c4 33. Ne5 f4+ 34. exf4 R6c7 35. Rxc4 Rxc4 36. Rxc4 Rxc4 37. Nxc4 Kg7 38. f5 gxf5 39. f4 Kf6 40. f3 Bc6 41. Kf2 Ke6 42. Ne5 Bb5 43. Ke1 Be8 44. b3 Kd5 45. Kd2 Kc5 46. Nd3+ Kd6 47. a4 Bf7 48. b4 Bb3 49. Nc5 Bc4 50. Nb7+ Kc6 51. Na5+ Kd5 52. Kd1 Ba2 53. Kc2 Bc4 54. Kd2 Ba2 55. Nb7 Kc6 56. Nc5 Kd5 57. Nd7 Ke6 58. Nb8 Kd5 59. b5 Kc5 60. Nd7+ Kd6 61. Nf6 Bf7 62. Kd3 Ke6 63. Ne4 Kd5 64. Ng3 Kc5 65. Kd2 Bg6 66. Kc2 Kc4 67. Kd2 Kc5 68. Kd3 Bf7 69. a5 Kxb5 70. Kxd4 Kxa5 71. Nxf5 Kb4 72. Ne7 a5 73. Nc6+ Kb5 74. Ne5 Be6 75. Kc3 Kc5 76. Nd3+ Kd5 77. Nf2 a4 78. Ne4 Bd7 79. Nf6+ Ke6 80. Nxh5 Kf5 81. Kb4 Bc6 82. Ng3+ Kxf4 83. h5 Kg5 84. f4+ Kh6 85. f5 Kg5 86. Ka3 1/2-1/2

[Event "1st Bangalore GM-Open-A 2024"]
[Site "Bangalore"]
[Date "2024.01.21"]
[Round "5.10"]
[White "Aradhya, Garg"]
[Black "Srihari L R"]
[Result "1/2-1/2"]
[ECO "A85"]
[WhiteElo "2390"]
[BlackElo "2469"]
[Annotator "RC"]
[PlyCount "77"]
[EventDate "2024.01.20"]
[EventType "swiss"]
[EventCountry "IND"]
[SourceTitle "playchess.com"]
[Source "ChessBase"]
[SourceQuality "1"]
[TimeControl "5400+30"]

1. d4 f5 2. c4 Nf6 3. Nc3 e6 4. e4 fxe4 5. g4 Bb4 6. g5 Ng8 7. Bg2 d5 8. f3 exf3 9. Nxf3 Ne7 10. O-O O-O 11. c5 Bxc3 12. bxc3 Nbc6 13. Re1 Ng6 14. a4 Bd7 15. Ra2 Nf4 16. Bxf4 Rxf4 17. Rae2 Qf8 18. Ne5 Nxe5 19. Rxe5 Qf7 20. c4 c6 21. cxd5 cxd5 22. Qb3 Rxd4 23. Qxb7 Rf8 24. Rf1 Rf4 25. Ree1 Bc8 26. Qb8 Rf2 27. c6 Qf4 28. c7 Qd2 29. Kh1 Ba6 30. Rd1 Qe2 31. Rxf2 Qxf2 32. Qd8 Qb6 33. Qe7 Rf7 34. Qd8+ Rf8 35. Rxd5 Bb7 36. Rd1 Bxg2+ 37. Kxg2 Qf2+ 38. Kh1 Qf3+ 39. Kg1 1/2-1/2

[Event "1st Bangalore GM-Open-A 2024"]
[Site "Bangalore"]
[Date "2024.01.21"]
[Round "5.11"]
[White "Muthaiah AL"]
[Black "Dzhumaev, Marat"]
[Result "1/2-1/2"]
[ECO "B06"]
[WhiteElo "2464"]
[BlackElo "2362"]
[Annotator "RC"]
[PlyCount "165"]
[EventDate "2024.01.20"]
[EventType "swiss"]
[EventCountry "IND"]
[SourceTitle "playchess.com"]
[Source "ChessBase"]
[SourceQuality "1"]
[TimeControl "5400+30"]

1. d4 g6 2. e4 Bg7 3. Nc3 d6 4. Be3 a6 5. a4 b6 6. Qd2 Bb7 7. f3 Nf6 8. Bh6 Bxh6 9. Qxh6 Nc6 10. O-O-O e5 11. dxe5 Nxe5 12. Nh3 Qe7 13. Nf4 c6 14. h4 O-O-O 15. Nd3 b5 16. Qe3 Kb8 17. Be2 Rhe8 18. Kb1 h5 19. axb5 axb5 20. Nxe5 dxe5 21. Na2 Nd7 22. c4 b4 23. c5 Qxc5 24. Qb3 Qf2 25. Nxb4 Qxe2 26. Nxc6+ Kc7 27. Nxd8 Rxd8 28. Qxf7 Bc6 29. Qxg6 Ra8 30. Qd6+ Kb7 31. Qd3 Qf2 32. Qb3+ Kc7 33. Rc1 Nc5 34. Qc2 Qxc2+ 35. Kxc2 Ne6 36. Rhd1 Nd4+ 37. Kd3 Rg8 38. Rg1 Rb8 39. Rb1 Rb3+ 40. Kd2 Kd6 41. Rgc1 Rb8 42. Ke3 Ba4 43. Rc4 Bb3 44. Rc3 Rb4 45. Kd2 Ba2 46. Rg1 Rxb2+ 47. Ke3 Bb1 48. Re1 Nc2+ 49. Rxc2 Bxc2 50. Ra1 Rb3+ 51. Kf2 Bd3 52. Ra8 Rb2+ 53. Kg1 Rb1+ 54. Kf2 Rb2+ 55. Kg1 Bc4 56. Rf8 Be6 57. Rf6 Ke7 58. Rg6 Bf7 59. Ra6 Rd2 60. Ra5 Kf6 61. Ra6+ Be6 62. Rb6 Rd8 63. Ra6 Rd7 64. Rb6 Ra7 65. Kf2 Re7 66. Ra6 Kg7 67. Rb6 Bf7 68. Ra6 Re6 69. Ra5 Kf6 70. Ra7 Rb6 71. Kg1 Ke6 72. Kf2 Rb2+ 73. Kg1 Rd2 74. Ra6+ Rd6 75. Ra7 Rd7 76. Ra6+ Ke7 77. Ra5 Kd6 78. Ra6+ Kc5 79. Rf6 Kd4 80. Kf2 Be8 81. Re6 Bf7 82. Rf6 Bc4 83. Rh6 1/2-1/2

[Event "1st Bangalore GM-Open-A 2024"]
[Site "Bangalore"]
[Date "2024.01.21"]
[Round "5.12"]
[White "Aswath, S."]
[Black "Stany, G.A."]
[Result "1/2-1/2"]
[ECO "C07"]
[WhiteElo "2369"]
[BlackElo "2459"]
[Annotator "RC"]
[PlyCount "101"]
[EventDate "2024.01.20"]
[EventType "swiss"]
[EventCountry "IND"]
[SourceTitle "playchess.com"]
[Source "ChessBase"]
[SourceQuality "1"]
[TimeControl "5400+30"]

1. e4 e6 2. d4 d5 3. Nd2 c5 4. exd5 Qxd5 5. Ngf3 cxd4 6. Bc4 Qd7 7. O-O Nc6 8. Nb3 a6 9. Nbxd4 Nxd4 10. Nxd4 Qc7 11. Bb3 Nf6 12. Re1 Bd6 13. Nf5 Bxh2+ 14. Kh1 O-O 15. Nxg7 Kxg7 16. Qd4 e5 17. Qh4 Ng4 18. Bh6+ Nxh6 19. Qg5+ Kh8 20. Qxh6 Qe7 21. Qxh2 f6 22. f4 e4 23. Qh4 Bf5 24. Re2 Rad8 25. Rae1 Qd7 26. Re3 Bg6 27. Rg3 Qe8 28. Kh2 f5 29. Ree3 Rd6 30. Rc3 Kg7 31. Rh3 Rd7 32. Qh6+ Kh8 33. Be6 Rg7 34. Rc8 Qe7 35. Rhc3 Re8 36. Rxe8+ Bxe8 37. Bxf5 e3 38. Qe6 Qh4+ 39. Bh3 Qxf4+ 40. Kg1 Qf2+ 41. Kh2 Qg3+ 42. Kg1 Qf2+ 43. Kh2 Bc6 44. Qe5 Kg8 45. Rxc6 Rxg2+ 46. Bxg2 Qh4+ 47. Kg1 Qe1+ 48. Kh2 Qh4+ 49. Bh3 Qf2+ 50. Kh1 Qe1+ 51. Kh2 1/2-1/2

[Event "1st Bangalore GM-Open-A 2024"]
[Site "Bangalore"]
[Date "2024.01.21"]
[Round "5.13"]
[White "Shyaamnikhil P"]
[Black "Neelotpal, Das"]
[Result "1/2-1/2"]
[ECO "C45"]
[WhiteElo "2443"]
[BlackElo "2329"]
[Annotator "RC"]
[PlyCount "71"]
[EventDate "2024.01.20"]
[EventType "swiss"]
[EventCountry "IND"]
[SourceTitle "playchess.com"]
[Source "ChessBase"]
[SourceQuality "1"]
[TimeControl "5400+30"]

1. e4 e5 2. Nf3 Nc6 3. d4 exd4 4. Nxd4 Qf6 5. Nf3 Bb4+ 6. Nbd2 Nge7 7. Be2 Bxd2+ 8. Qxd2 O-O 9. O-O Rd8 10. Bc4 h6 11. e5 Nxe5 12. Nxe5 Qxe5 13. Re1 Qc5 14. Qf4 d5 15. Bd3 Ng6 16. Qg3 Qd6 17. Qxd6 cxd6 18. Bxg6 fxg6 19. Be3 Bd7 20. Rad1 Bc6 21. Bd4 Re8 22. f3 g5 23. h3 a6 24. Kf2 Kf7 25. b3 Rxe1 26. Kxe1 h5 27. Kd2 Re8 28. a4 g4 29. hxg4 hxg4 30. Re1 Rxe1 31. Kxe1 gxf3 32. gxf3 Bd7 33. a5 Bf5 34. c3 Bc2 35. b4 g6 36. Kf2 1/2-1/2

[Event "1st Bangalore GM-Open-A 2024"]
[Site "Bangalore"]
[Date "2024.01.21"]
[Round "5.14"]
[White "Jain Kashish Manoj"]
[Black "Sammed Jaykumar, Shete"]
[Result "1/2-1/2"]
[ECO "C77"]
[WhiteElo "2334"]
[BlackElo "2441"]
[Annotator "RC"]
[PlyCount "85"]
[EventDate "2024.01.20"]
[EventType "swiss"]
[EventCountry "IND"]
[SourceTitle "playchess.com"]
[Source "ChessBase"]
[SourceQuality "1"]
[TimeControl "5400+30"]

1. e4 e5 2. Nf3 Nc6 3. Bb5 a6 4. Ba4 Nf6 5. d3 d6 6. c4 g6 7. Nc3 Bg7 8. h3 O-O 9. O-O Nd7 10. Bg5 f6 11. Be3 f5 12. Bg5 Bf6 13. Bxf6 Nxf6 14. Re1 fxe4 15. dxe4 Qe7 16. c5 Be6 17. Bb3 Kh8 18. Bxe6 Qxe6 19. Nd5 Rac8 20. Qb3 dxc5 21. Qxb7 Nd4 22. Ng5 Qd7 23. Qxa6 Ra8 24. Nxf6 Qe7 25. Qd3 Rxf6 26. Qg3 Nc2 27. Qc3 Nxe1 28. Rxe1 Rxa2 29. Nf3 Rf8 30. Rd1 Qf6 31. Qxc5 Rxb2 32. Qxc7 Rb3 33. Qc5 Re8 34. Qc2 Reb8 35. Rc1 Qf4 36. Rd1 R3b4 37. Re1 Rb2 38. Qd3 R8b3 39. Qd8+ Kg7 40. Qe7+ Kh6 41. Qxe5 Qxe5 42. Nxe5 Kg5 43. g3 1/2-1/2

[Event "1st Bangalore GM-Open-A 2024"]
[Site "Bangalore"]
[Date "2024.01.21"]
[Round "5.15"]
[White "Tahbaz, Arash"]
[Black "Goutham Krishna H"]
[Result "1-0"]
[ECO "B80"]
[WhiteElo "2425"]
[BlackElo "2288"]
[Annotator "RC"]
[PlyCount "57"]
[EventDate "2024.01.20"]
[EventType "swiss"]
[EventCountry "IND"]
[SourceTitle "playchess.com"]
[Source "ChessBase"]
[SourceQuality "1"]
[TimeControl "5400+30"]

1. e4 c5 2. Nf3 d6 3. d4 cxd4 4. Nxd4 Nf6 5. Nc3 a6 6. f3 e6 7. Be3 b5 8. Qd2 Nbd7 9. g4 Nb6 10. a4 Nc4 11. Bxc4 bxc4 12. g5 Nd7 13. h4 Qa5 14. Qe2 Qb4 15. O-O Bb7 16. a5 d5 17. exd5 exd5 18. Nc6 Qd6 19. Bd4+ Qe6 20. Rae1 Bxc6 21. Qxe6+ fxe6 22. Rxe6+ Kf7 23. Rxc6 Rd8 24. Nxd5 Nb8 25. Rc7+ Ke6 26. Nf4+ Kd6 27. Bb6 Ke5 28. Rf7 Bb4 29. c3 1-0

[Event "1st Bangalore GM-Open-A 2024"]
[Site "Bangalore"]
[Date "2024.01.21"]
[Round "5.16"]
[White "Nithin Babu"]
[Black "Vishnu Prasanna. V"]
[Result "1-0"]
[ECO "B31"]
[WhiteElo "2177"]
[BlackElo "2413"]
[Annotator "RC"]
[PlyCount "47"]
[EventDate "2024.01.20"]
[EventType "swiss"]
[EventCountry "IND"]
[SourceTitle "playchess.com"]
[Source "ChessBase"]
[SourceQuality "1"]
[TimeControl "5400+30"]

1. e4 c5 2. Nf3 Nc6 3. Bb5 g6 4. Bxc6 dxc6 5. d3 Bg7 6. h3 b6 7. O-O Nf6 8. a4 Nd7 9. Nbd2 O-O 10. Nc4 Qc7 11. Nh2 Ba6 12. f4 Bxc4 13. dxc4 Qd6 14. Nf3 Rad8 15. Qe2 e5 16. f5 gxf5 17. Nh4 f4 18. Nf5 Qf6 19. Bd2 Rfe8 20. Bc3 Qg5 21. h4 Qg6 22. Rad1 Bf8 23. h5 Qg5 24. Be1 1-0

[Event "1st Bangalore GM-Open-A 2024"]
[Site "Bangalore"]
[Date "2024.01.21"]
[Round "5.17"]
[White "Viani Antonio Dcunha"]
[Black "Mohamed Anees M"]
[Result "1-0"]
[ECO "B40"]
[WhiteElo "2407"]
[BlackElo "2319"]
[Annotator "RC"]
[PlyCount "135"]
[EventDate "2024.01.20"]
[EventType "swiss"]
[EventCountry "IND"]
[SourceTitle "playchess.com"]
[Source "ChessBase"]
[SourceQuality "1"]
[TimeControl "5400+30"]

1. e4 c5 2. Nf3 e6 3. g3 Nc6 4. Bg2 d6 5. O-O Nf6 6. Qe2 e5 7. c3 g6 8. d4 cxd4 9. cxd4 Bg4 10. dxe5 dxe5 11. Nc3 Nd4 12. Qd1 Bg7 13. Kh1 O-O 14. h3 Bxf3 15. Bxf3 Qb6 16. Bg2 Rfd8 17. Rb1 Nb5 18. Qb3 Nxc3 19. Qxc3 Qb5 20. Be3 Rac8 21. Rbd1 Re8 22. Qd2 a6 23. b3 Bf8 24. Qb2 Bc5 25. Bg5 Qb6 26. Bf3 Bd4 27. Qe2 Rc6 28. h4 h5 29. Kg2 Rec8 30. Rd2 Nh7 31. Bh6 Rc3 32. Rfd1 Nf8 33. Rd3 Rxd3 34. Rxd3 Ne6 35. Bxh5 gxh5 36. Qxh5 Rc2 37. Qg4+ Kh7 38. Bd2 Nc5 39. Rf3 Qg6 40. Bg5 f6 41. b4 fxg5 42. bxc5 gxh4 43. Qxh4+ Kg8 44. Qd8+ Kh7 45. Qe7+ Qg7 46. Qh4+ Kg8 47. Rf5 Rxf2+ 48. Rxf2 Bxf2 49. Qd8+ Kh7 50. Kxf2 Qf7+ 51. Ke3 Qxa2 52. Qe7+ Kg6 53. Qd6+ Kh7 54. Qd7+ Kh6 55. Qd6+ Kh7 56. Qxe5 Qa3+ 57. Kf4 Qc1+ 58. Kf5 Qf1+ 59. Ke6 Qb5 60. Kf6 Qc6+ 61. Qe6 Qc7 62. Qf7+ Qxf7+ 63. Kxf7 a5 64. e5 a4 65. e6 a3 66. e7 a2 67. e8=Q a1=Q 68. Qe4+ 1-0

[Event "1st Bangalore GM-Open-A 2024"]
[Site "Bangalore"]
[Date "2024.01.21"]
[Round "5.18"]
[White "Nayak Rajesh"]
[Black "Panda Sambit"]
[Result "0-1"]
[ECO "B13"]
[WhiteElo "2170"]
[BlackElo "2404"]
[Annotator "RC"]
[PlyCount "74"]
[EventDate "2024.01.20"]
[EventType "swiss"]
[EventCountry "IND"]
[SourceTitle "playchess.com"]
[Source "ChessBase"]
[SourceQuality "1"]
[TimeControl "5400+30"]

1. e4 c6 2. d4 d5 3. exd5 cxd5 4. Nf3 Nc6 5. Bb5 e6 6. Ne5 Bd7 7. Nxd7 Qxd7 8. c3 Bd6 9. O-O Nf6 10. Nd2 O-O 11. Re1 Qc7 12. g3 h6 13. Bd3 Rae8 14. Nf3 Nd7 15. Nh4 f5 16. Ng6 Rf7 17. Nf4 Bxf4 18. Bxf4 Qb6 19. Qb3 g5 20. Bd2 Qc7 21. Rad1 Nf6 22. f3 Rg7 23. Re2 h5 24. Rde1 Qf7 25. h3 g4 26. fxg4 hxg4 27. h4 Nh5 28. Kh2 Qc7 29. Re3 Ree7 30. Rf1 Ref7 31. Kg2 f4 32. gxf4 Nxf4+ 33. Kg1 Nh3+ 34. Kg2 Rxf1 35. Kxf1 Qh2 36. Ke1 Qg1+ 37. Ke2 Nf4# 0-1

[Event "1st Bangalore GM-Open-A 2024"]
[Site "Bangalore"]
[Date "2024.01.21"]
[Round "5.19"]
[White "Mukund Hemant Agarwal"]
[Black "Thilakarathne, G M H"]
[Result "1/2-1/2"]
[ECO "B22"]
[WhiteElo "1852"]
[BlackElo "2391"]
[Annotator "RC"]
[PlyCount "79"]
[EventDate "2024.01.20"]
[EventType "swiss"]
[EventCountry "IND"]
[SourceTitle "playchess.com"]
[Source "ChessBase"]
[SourceQuality "1"]
[TimeControl "5400+30"]

1. e4 c5 2. Nf3 e6 3. c3 Nf6 4. e5 Nd5 5. d4 cxd4 6. cxd4 d6 7. Bc4 Be7 8. O-O O-O 9. Qe2 Nc6 10. Rd1 Na5 11. Bd3 Nb4 12. Qe4 Nxd3 13. Rxd3 d5 14. Qg4 f5 15. Qg3 Bd7 16. Nc3 Qe8 17. h4 Rc8 18. Bg5 b5 19. Ne2 Rc2 20. Rd2 Rc6 21. Nf4 Bxg5 22. Qxg5 h6 23. Qg3 Qf7 24. Ne1 Rfc8 25. Ned3 Nc4 26. Re2 a5 27. Nc5 Be8 28. Kh2 Qe7 29. Kg1 Bf7 30. Nfd3 Kh7 31. f3 Rh8 32. Kf2 g6 33. Rc1 Rhc8 34. Qf4 Kg7 35. Rh1 Rf8 36. Ke1 b4 37. g4 Be8 38. Qg3 Kh7 39. b3 Na3 40. g5 1/2-1/2

[Event "1st Bangalore GM-Open-A 2024"]
[Site "Bangalore"]
[Date "2024.01.21"]
[Round "5.20"]
[White "Omidi, Arya"]
[Black "Ghosh, Diptayan"]
[Result "1/2-1/2"]
[ECO "C41"]
[WhiteElo "2301"]
[BlackElo "2568"]
[Annotator "TA"]
[PlyCount "50"]
[EventDate "2024.01.20"]
[EventType "swiss"]
[EventCountry "IND"]
[SourceTitle "playchess.com"]
[Source "ChessBase"]
[SourceQuality "1"]
[TimeControl "5400+30"]

1. e4 e5 2. Nf3 d6 3. d4 exd4 4. Qxd4 Nf6 5. Nc3 Be7 6. Bf4 O-O 7. O-O-O Nc6 8. Qd2 a6 $1 {[%emt 0:01:05] 8...a6 scores better than 8...Be6.} 9. Bd3 {[%emt 0:11:17] C41: Philidor Defence.} Nb4 10. Rhe1 Be6 {[%emt 0:04:38] [#]} 11. a3 $146 {[%emt 0:02:54] White is slightly better.} ({Predecessor:} 11. Nd4 d5 12. a3 Nxd3+ 13. Qxd3 dxe4 14. Nxe4 Bd5 15. Nxf6+ Bxf6 16. Nf5 Be6 17. Qg3 Bxb2+ 18. Kxb2 Qf6+ 19. Be5 Qxf5 20. Qxg7# {1-0 Salerno,C (2129)-Haugaard,T (1707) Politiken Cup 37th 2015 (1)}) 11... Nxd3+ 12. Qxd3 Nd7 13. Nd5 Bf6 14. Nxf6+ Qxf6 15. Qe3 (15. Bg3 {seems wilder.} Bg4 16. h3 Nc5 17. Qe3) 15... Qg6 (15... Bg4 $11) 16. Bg3 Rfe8 17. Nd4 Qh5 18. f3 Qa5 19. Qd2 Qxd2+ 20. Rxd2 f6 21. Kb1 Kf7 22. Kc1 Kg8 23. Kb1 Kf7 24. Kc1 Kg8 25. Kb1 Kf7 {[%emt 0:00:49] Weighted Error Value: White=0.11 (very precise) /Black=0.07 (flawless)} 1/2-1/2